 Dungeon Crawl Stone Soup version 0.23-a0-612-gcb482e9 (webtiles) character file.

45778 tilp the Frost Mage (level 14, -10/110 HPs)
             Began as a Merfolk Ice Elementalist on Dec 21, 2018.
             Was a High Priest of Makhleb.
             Killed by divine providence
             ... invoked by an orc priest
              (16 damage)
             ... on level 2 of the Orcish Mines.
             The game lasted 01:38:25 (24734 turns).

tilp the Frost Mage (Merfolk Ice Elementalist)     Turns: 24734, Time: 01:38:26

Health: -10/110    AC: 10    Str: 15    XL:     14   Next: 34%
Magic:  23/23      EV: 16    Int: 16    God:    Makhleb [*****.]
Gold:   1768       SH:  5    Dex: 15    Spells: 11/25 levels left

rFire    + . .     SeeInvis .   a - +1 demon trident (flame)
rCold    + . .     Gourm    .   B - +0 buckler
rNeg     . . .     Faith    .   y - +2 robe {rC+ rF+}
rPois    .         Spirit   .   u - +1 helmet
rElec    .         Reflect  .   P - +1 cloak
rCorr    .         Harm     .   D - +1 pair of gloves
MR       ++...                  (no boots)
Stlth    ++........             e - amulet of regeneration
HPRegen  0.68/turn              I - +6 ring of strength
MPRegen  0.18/turn              f - ring of protection from magic

@: no status effects
A: change form in water, swift swim, stealthy swim, dopey 1
a: Minor Destruction, Lesser Servant of Makhleb, Major Destruction, Greater
Servant of Makhleb, Renounce Religion


You were on level 2 of the Orcish Mines.
You worshipped Makhleb.
Makhleb was extremely pleased with you.
You were hungry.

You visited 4 branches of the dungeon, and saw 20 of its levels.
You also visited: Gauntlet and Volcano.

You collected 1921 gold pieces.
You spent 153 gold pieces at shops.

Inventory:

Hand Weapons
 a - a +1 demon trident of flaming (weapon)
 b - a +0 scimitar of flaming
 G - a +6 blowgun
 U - a +0 glaive
 V - a +2 demon blade of pain
Missiles
 v - 14 tomahawks (quivered)
 J - 8 curare-tipped needles
Armour
 o - the cursed +0 scale mail of Servitude {rC+ rN+ MR+, unknown}
   (You found it on level 4 of the Lair of Beasts)

   It protects you from cold.
   It protects you from negative energy.
   It affects your resistance to hostile enchantments.
   It has a curse placed upon it.
 u - a +1 helmet (worn)
 y - a +2 robe of resistance (worn)
 B - a +0 buckler (worn)
 D - a +1 pair of gloves (worn)
 P - a +1 cloak (worn)
Magical Staves
 W - an uncursed staff of energy {unknown}
Jewellery
 e - an amulet of regeneration (around neck)
 f - a ring of protection from magic (right hand)
 k - an uncursed ring of fire
 t - an uncursed ring of protection from magic
 C - an uncursed ring of stealth
 I - a +6 ring of strength (left hand)
 N - a cursed -2 ring of intelligence {unknown}
Wands
 d - a wand of flame (11)
 m - a wand of acid (3)
 L - a wand of paralysis (14)
 M - a wand of enslavement (11)
 X - a wand of disintegration (16)
Scrolls
 h - a scroll of blinking {unknown}
 i - 2 scrolls of amnesia
 n - 3 scrolls of teleportation
 p - 2 scrolls of fear
 x - 10 scrolls of remove curse
 H - a scroll of vulnerability {unknown}
 O - a scroll of silence {unknown}
 Q - a scroll of fog {unknown}
 S - a scroll of acquirement {unknown}
Potions
 g - 7 potions of resistance
 j - 2 potions of ambrosia
 l - 4 potions of curing
 q - a potion of heal wounds
 r - a potion of brilliance
 s - 6 potions of cancellation
 w - 3 potions of mutation
 A - a potion of haste
 E - a potion of flight
 F - 5 potions of berserk rage
 K - a potion of lignification
 R - 2 potions of might
 Y - 2 potions of agility
Comestibles
 c - 28 rations
 z - 8 chunks of flesh


   Skills:
 - Level 10.0 Fighting
 - Level 14.1 Polearms
 - Level 6.2 Dodging
 - Level 2.1 Stealth
 - Level 4.0 Shields
 - Level 6.0 Spellcasting
 - Level 2.0 Conjurations
 - Level 4.3 Charms
 * Level 14.4 Ice Magic
 + Level 10.1 Invocations
 - Level 8.0 Evocations


You had 11 spell levels left.
You knew the following spells:

 Your Spells              Type           Power        Failure   Level  Hunger
a - Freeze                Ice            ####         1%          1    None
b - Throw Frost           Conj/Ice       ####..       1%          2    #......
c - Ozocubu's Armour      Chrm/Ice       ####....     1%          3    ##.....
d - Throw Icicle          Conj/Ice       ####....     4%          4    ####...
e - Summon Ice Beast      Ice/Summ       ####....     7%          4    ####...

Your spell library contained the following spells:

 Spells                   Type           Power        Failure   Level  Hunger
 Summon Small Mammal      Summ           #...         14%         1    None
 Call Imp                 Summ           #.......     21%         2    #......
 Call Canine Familiar     Summ           #.......     38%         3    ##.....
 Summon Guardian Golem    Hex/Summ       #.......     38%         3    ##.....
 Summon Lightning Spire   Summ/Air       #.......     80%         4    ####...


Dungeon Overview and Level Annotations

Branches:
Dungeon (11/15)            Temple (1/1) D:4            Lair (6/6) D:9
  Swamp (0/4) Lair:2        Snake (0/4) Lair:2        Slime (0/5) Lair:5
    Orc (2/2) D:10            Elf (0/3) Orc:2

Altars:
Dithmenos
Gozag
Hepliaklqana
Kikubaaqudgha
Makhleb
Nemelex Xobeh
Qazlal
Sif Muna
Trog
Uskayaw
Vehumet
Xom
Yredelemnul
Zin
The Shining One
Beogh

Shops:
D:8 *   D:9 [   Orc:2 %*!

Annotations:
D:7 Joseph
D:8 Psyche
D:11 Maurice
Temple Grinder
Lair:4 1 runed door, Nafrigg's ghost, adept DrCj
Lair:5 Rupert


Innate Abilities, Weirdness & Mutations

You revert to your normal form in water.
You are very nimble and swift while swimming.
You are very stealthy in the water. (Stealth+)
You are dopey. (Int -2)


Message History

* * * LOW HITPOINT WARNING * * *
The hellwing hits you.
* * * LOW HITPOINT WARNING * * *
The orc priest calls down the wrath of Beogh upon you.
Pain shoots through your body!
* * * LOW HITPOINT WARNING * * *
The neqoxec gestures.
The orc priest misses you.
The crimson imp disappears in a puff of smoke!
The orc priest barely misses you.
The orc high priest starts to sing a prayer.
The smoke demon gestures at you. Beogh smites you!
* * * LOW HITPOINT WARNING * * *
The orc high priest invokes the aid of Beogh against you.
Beogh smites you!
* * * LOW HITPOINT WARNING * * *
The orc priest calls down the wrath of Beogh upon you.
Beogh smites you!
You die...

#.......##......##
.5....[####......#
.>.......##......##
##[....5..........#
#...§....3.......##
.........[........#
............o.o..##
..........o..3..).#
....##...).#..54@<#
.^.####.........)##
#.#.##............#
##.....[....♣.....#
.##.#..#).♣.∩.♣..##
..##...#....♣....##
.####..##...#.....#
## #......#...#.##
##.##.###.####


You could see an orc high priest, a hellwing, a smoke demon, a neqoxec, an orc
warrior, an orc priest and an ufetubus.

Vanquished Creatures
  Kirke (Lair:4)
  2 stone giants
  An ice dragon (Lair:4)
  A hydra (Lair:5)
  A death yak (Lair:4)
  2 orc high priests
  Nergalle (Lair:4)
  Sonja (Lair:1)
  An unseen horror (D:10)
  Pikel (D:8)
  4 orc knights
  4 orc sorcerers (Orc:2)
  3 black mambas
  A torpor snail (Lair:2)
  11 spiny frogs
  2 rime drakes
  10 komodo dragons
  An efreet (Volcano)
  2 trolls
  A polar bear (Lair:1)
  7 dream sheep (Lair:5)
  9 hippogriffs
  8 blink frogs
  3 wyverns
  Sigmund (D:2)
  23 yaks
  A wraith (D:10)
  Eustachio (D:4)
  A human (D:7)
  A basilisk (Lair:1)
  7 hogs
  Edmund (D:6)
  2 nagas (Lair:2)
  2 wargs
  Menkaure (D:4)
  12 water moccasins
  2 hell hounds (Lair:5)
  7 porcupines
  2 sky beasts
  3 black bears
  A hornet zombie (D:10)
  15 orc warriors
  2 phantoms
  11 ogres
  16 wolves
  5 centaurs
  12 crocodiles
  3 big kobolds
  7 bullfrogs
  4 earth elementals (Volcano)
  7 scorpions
  22 killer bees
  10 wights
  3 howler monkeys
  2 centaur zombies (D:11)
  3 bullfrog zombies
  10 crimson imps
  4 hounds
  A bullfrog skeleton (D:6)
  6 jellies
  15 orc priests
  4 centaur skeletons
  7 iguanas
  3 worker ants
  21 orc wizards
  A hound zombie (D:7)
  A howler monkey zombie (D:6)
  2 worker ant zombies
  6 gnolls
  8 adders
  4 shadow imps
  A white imp (Lair:4)
  An adder zombie (D:9)
  6 oozes
  2 adder skeletons
  4 worms
  2 dart slugs
  6 leopard geckos
  58 orcs
  7 giant cockroaches
  7 goblins
  7 hobgoblins
  4 jackals (D:8)
  28 kobolds
  6 quokkas
  A ball python (D:1)
  6 bats
  3 frilled lizards
  A leopard gecko skeleton (D:8)
  2 quokka skeletons
  4 rats
517 creatures vanquished.

Vanquished Creatures (collateral kills)
  A stone giant (Orc:1)
  Josephine (D:10)
  A cyclops (D:10)
  A blink frog (Lair:1)
  A bog body (Lair:2)
  4 wraiths (D:10)
  3 hogs (Lair:4)
  A wolf (Lair:4)
  A bullfrog (D:10)
  A jelly (D:10)
  A killer bee (D:10)
  An iguana (D:10)
  2 white imps (Lair:4)
  A fungus (Lair:4)
20 creatures vanquished.

Vanquished Creatures (others)
  40 fungi
  23 plants
63 creatures vanquished.

Grand Total: 600 creatures vanquished

Notes
Turn   | Place    | Note
-------+----------+-------------------------------------------
     0 | D:1      | tilp the Merfolk Ice Elementalist began the quest for the
                  | Orb.
     0 | D:1      | Reached XP level 1. HP: 13/13 MP: 3/3
   280 | D:1      | Reached XP level 2. HP: 16/19 MP: 0/5
   981 | D:1      | Reached XP level 3. HP: 21/24 MP: 6/6
   985 | D:1      | Learned a level 2 spell: Throw Frost
  1252 | D:1      | Learned a level 3 spell: Ozocubu's Armour
  1510 | D:2      | Noticed Sigmund
  1575 | D:2      | Found a burning altar of Makhleb.
  1580 | D:2      | Became a worshipper of Makhleb the Destroyer
  2304 | D:3      | Found a radiant altar of Vehumet.
  2358 | D:3      | Found a shadowy altar of Dithmenos.
  2371 | D:3      | Reached skill level 5 in Ice Magic
  2535 | D:3      | Found a sparkling altar of Nemelex Xobeh.
  2649 | D:3      | Reached XP level 4. HP: 27/30 MP: 7/7
  2656 | D:3      | Found an ancient bone altar of Kikubaaqudgha.
  2909 | D:3      | Reached XP level 5. HP: 26/35 MP: 1/8
  3074 | D:3      | Reached skill level 1 in Fighting
  3698 | D:4      | Noticed Eustachio
  3801 | D:4      | Noticed a phantom
  3814 | D:4      | Reached XP level 6. HP: 42/44 MP: 3/9
  3836 | D:5      | Entered Level 5 of the Dungeon
  3851 | D:4      | Reached skill level 1 in Polearms
  3867 | D:4      | Found a staircase to the Ecumenical Temple.
  3894 | D:4      | Noticed Grinder
  3983 | D:4      | Reached * piety under Makhleb
  4037 | D:4      | Paralysed by Grinder for 7 turns
  4065 | D:4      | Found a bloodstained altar of Trog.
  4093 | D:4      | Paralysed by Grinder for 5 turns
  4108 | Temple   | Entered the Ecumenical Temple
  4136 | D:4      | Noticed Menkaure
  4509 | D:4      | Killed Eustachio
  4509 | D:4      | Reached XP level 7. HP: 47/50 MP: 1/12
  5241 | D:5      | Reached skill level 5 in Polearms
  5986 | D:5      | Reached XP level 8. HP: 29/56 MP: 5/14
  6406 | D:5      | Found a deep blue altar of Sif Muna.
  6582 | D:5      | Reached ** piety under Makhleb
  6859 | D:6      | Found a shimmering altar of Xom.
  6859 | D:6      | Found a basalt altar of Yredelemnul.
  6859 | D:6      | Found a stormy altar of Qazlal.
  6859 | D:6      | Found an opulent altar of Gozag.
  6861 | D:6      | Found a hazy altar of Hepliaklqana.
  6862 | D:6      | Found a glowing golden altar of the Shining One.
  6939 | D:6      | Reached skill level 10 in Polearms
  7006 | D:6      | Reached XP level 9. HP: 61/61 MP: 15/15
  7360 | D:6      | Noticed Edmund
  7402 | D:6      | Killed Edmund
  8210 | D:7      | Found a shimmering altar of Xom.
  8219 | D:7      | Reached *** piety under Makhleb
  8530 | D:7      | Noticed Joseph
  8676 | D:7      | Reached XP level 10. HP: 53/70 MP: 6/16
  8678 | D:7      | Reached skill level 5 in Dodging
  8947 | D:7      | Reached skill level 1 in Conjurations
  8947 | D:7      | Reached skill level 1 in Charms
  9137 | D:8      | Noticed Psyche
  9366 | D:8      | Noticed Pikel
  9394 | D:8      | Killed Pikel
  9489 | D:8      | Reached skill level 1 in Invocations
  9491 | D:8      | Reached skill level 1 in Evocations
  9677 | D:8      | Found Kuh Dosi's Assorted Antiques.
  9686 | D:8      | Reached **** piety under Makhleb
  9706 | D:8      | Bought a scroll labeled XEFIJE PERA for 26 gold pieces
  9706 | D:8      | Bought a scroll of teleportation for 78 gold pieces
  9764 | D:9      | Found Ilioprec's Armour Shop.
  9772 | D:9      | Bought a +0 cloak for 49 gold pieces
  9899 | D:9      | Got a transparent ring mail
  9937 | D:9      | Learned a level 4 spell: Throw Icicle
 10032 | D:9      | Learned a level 4 spell: Summon Ice Beast
 10555 | D:9      | Found a staircase to the Lair.
 10765 | D:9      | Reached skill level 5 in Invocations
 10765 | D:9      | Reached XP level 11. HP: 77/77 MP: 13/17
 11133 | D:10     | Entered Level 10 of the Dungeon
 11144 | D:10     | Reached skill level 5 in Fighting
 11234 | D:10     | Reached skill level 1 in Shields
 11420 | D:10     | Noticed Josephine
 11439 | D:10     | Killed Josephine
 11553 | D:10     | Found a staircase to the Orcish Mines.
 11771 | D:9      | Reached ***** piety under Makhleb
 12198 | D:10     | Killed an unseen horror
 12385 | D:10     | Noticed a cyclops
 12425 | D:10     | Killed a cyclops
 12569 | D:10     | Identified the +2 ring mail of the Lost Stories {rC+ Str-3
                  | Dex+5 Stlth+} (You found it on level 9 of the Dungeon)
 12796 | D:11     | Noticed Maurice
 13309 | Lair:1   | Entered Level 1 of the Lair of Beasts
 13337 | Lair:1   | Found a gate leading to a gauntlet.
 13356 | Gauntlet | Entered a Gauntlet
 13356 | Gauntlet | Found a transporter.
 13356 | Gauntlet | Found a transporter.
 13371 | Gauntlet | Noticed a fire crab
 13372 | Gauntlet | Found a transporter.
 13376 | Gauntlet | Found a transporter.
 13384 | Gauntlet | Noticed a death ooze
 13386 | Gauntlet | Found a transporter.
 13407 | Gauntlet | Found a transporter.
 13422 | Gauntlet | Found a transporter.
 13422 | Gauntlet | Noticed a queen ant
 13430 | Gauntlet | Found a transporter.
 13436 | Gauntlet | Found a transporter.
 13476 | Gauntlet | Found a transporter.
 13507 | Gauntlet | Found a transporter.
 13516 | Gauntlet | Found a transporter.
 13865 | Lair:1   | Noticed Sonja
 14009 | Lair:1   | Killed Sonja
 14009 | Lair:1   | Reached skill level 10 in Ice Magic
 14047 | Lair:1   | Reached XP level 12. HP: 92/92 MP: 16/18
 14667 | Lair:1   | Reached skill level 5 in Spellcasting
 15810 | Lair:2   | Found a staircase to the Swamp.
 16068 | Lair:2   | Found a staircase to the Snake Pit.
 16444 | Lair:3   | Reached skill level 5 in Evocations
 17327 | Lair:4   | You fall through a shaft for 2 floors!
 17327 | Lair:6   | Entered Level 6 of the Lair of Beasts
 17402 | Lair:6   | Reached XP level 13. HP: 101/101 MP: 8/22
 17876 | Lair:5   | Found a dark tunnel.
 17953 | Volcano  | Entered a volcano
 18005 | Volcano  | Noticed a stone giant
 18044 | Volcano  | Killed a stone giant
 18708 | Lair:4   | Found a runed door.
 18713 | Lair:4   | Noticed Nafrigg's ghost (adept DrCj)
 18714 | Lair:4   | Noticed Kirke
 18905 | Lair:4   | Reached skill level 10 in Fighting
 19050 | Lair:4   | Got a transparent scale mail
 19106 | Lair:4   | Noticed an ice dragon
 19128 | Lair:4   | Killed an ice dragon
 19308 | Lair:4   | Noticed Nergalle
 19325 | Lair:4   | Killed Nergalle
 19473 | Lair:4   | Killed Kirke
 20476 | Lair:5   | Found a staircase to the Slime Pits.
 20571 | Lair:5   | Noticed Rupert
 21027 | D:4      | Killed Menkaure
 21095 | D:2      | Killed Sigmund
 21332 | Orc:1    | Entered Level 1 of the Orcish Mines
 21548 | Orc:2    | Entered Level 2 of the Orcish Mines
 21548 | Orc:2    | Found Kaammir's Distillery.
 21612 | Orc:2    | Found a staircase to the Elven Halls.
 21962 | Orc:1    | Reached XP level 14. HP: 109/110 MP: 11/23
 22193 | Orc:2    | Found Ucuhywe's Food Shop.
 22234 | Orc:2    | Reached ****** piety under Makhleb
 22239 | Orc:2    | Noticed a stone giant
 22323 | Orc:2    | Found Nyptaxul's General Store.
 22336 | Orc:2    | Found a roughly hewn altar of Beogh.
 22375 | Orc:2    | Killed a stone giant
 22970 | Orc:1    | Noticed a stone giant
 22989 | Orc:1    | Killed a stone giant
 23242 | Orc:2    | Found a bloodstained altar of Trog.
 24280 | Orc:1    | Reached skill level 10 in Invocations
 24712 | Orc:2    | Gained mutation: You are dopey. (Int -2) [a neqoxec]
 24734 | Orc:2    | Killed from afar by an orc priest

Vault maps used:
D:1:      lemuel_arrival_room
D:2:      lightli_temple_of_fire, first_ration, uniq_sigmund
D:3:      nicolae_dithmenos_through_a_glass_darkly,
          nemelex_xobeh_ov_fountains_minmay, fiery_altar_vehumet,
          old_standard_altar, minmay_misc_feat_nine_boxes
D:4:      minmay_temple_entry_arrows, gup_sewer_entry_spiral,
          trog_hazing_becter, uniq_grinder, uniq_eustachio, uniq_menkaure
D:5:      led_sif_pool, corexii_item_surrounded_by_moat, dk_noncrumbling_2
D:6:      grunt_temple_overflow_open, uniq_edmund
D:7:      basic_altar, minivault_10, grunt_livestock, uniq_joseph
D:8:      gammafunk_ghost_grave, serial_shops, kennysheep_little_box,
          uniq_pikel, uniq_psyche
D:9:      grunt_lair_entry_orc_guard_hut, serial_shops, shop,
          minmay_misc_feat_iff, minmay_starry_boxes
D:10:     orc_0_dummy, kennysheep_generic_room_3, uniq_josephine
D:11:     uniq_maurice
Temple:   dpeg_chambers_temple
Lair:1:   gauntlet_entry_generic, uniq_sonja
Lair:2:   skrybe_swamp_entry_bodies, guppyfry_snake_entry_island,
          beast_lair_carwin_4
Lair:3:   grunt_megastairs_5
Lair:4:   ebering_ghost_inner_flame, bobbens_ice_dragon_lair, uniq_kirke,
          uniq_nergalle
Lair:5:   nicolae_slime_entry_slimehenge, enter_volcano_3,
          minmay_lair_oklob_chamber, grunt_megastairs_2, serial_bayou_shore_a,
          uniq_rupert
Lair:6:   evilmike_catoblepas_cave, uniq_snorg
Orc:2:    st_orc_elflike, basic_altar, serial_shops, shop, shop,
          nicolae_shop_trees, trog_book
Volcano:  volcano_pools
Gauntlet: gammafunk_gauntlet_shortcut

Skill      XL: |  1  2  3  4  5  6  7  8  9 10 11 12 13 14 |
---------------+-------------------------------------------+-----
Ice Magic      | 4 5 6 7 8 10 12 13 14 | 14.4
Fighting       | 2 3 4 8 9 10 | 10.0
Dodging        | 4 6 |  6.2
Polearms       | 4 7 10 14 | 14.1
Spellcasting   | 3 4 6 |  6.0
Conjurations   | 2 |  2.0
Charms         | 4 |  4.3
Invocations    | 5 6 9 10 | 10.1
Evocations     | 4 5 8 |  8.0
Shields        | 4 |  4.0
Stealth        | |  2.1

Action                   |  1- 3 |  4- 6 |  7- 9 | 10-12 | 13-15 || total
-------------------------+-------+-------+-------+-------+-------++-------
Melee: Mace              |    59 |    18 |       |       |       ||    77
       Dagger            |       |   112 |    76 |       |       ||   188
       Spear             |       |       |    36 |       |       ||    36
       Trident           |       |       |   282 |   963 |    93 ||  1338
       Demon trident     |       |       |       |       |   626 ||   626
       Scimitar          |       |       |       |       |     5 ||     5
       Tailslap          |       |       |       |       |     2 ||     2
Throw: Tomahawk          |       |     1 |       |    11 |    10 ||    22
 Cast: Freeze            |    31 |    46 |    82 |   128 |    54 ||   341
       Throw Frost       |     1 |     3 |     6 |    65 |    83 ||   158
       Ozocubu's Armour  |       |     7 |    18 |    69 |    77 ||   171
       Throw Icicle      |       |       |       |     2 |    16 ||    18
       Summon Ice Beast  |       |       |       |     1 |    11 ||    12
Invok: Minor Destruction |       |       |     4 |     6 |       ||    10
       Lesser Servant of |       |       |       |     7 |    10 ||    17
       Greater Servant o |       |       |       |       |     1 ||     1
Evoke: Wand              |       |       |       |    10 |     5 ||    15
  Use: Scroll            |     5 |     7 |     5 |    11 |     6 ||    34
       Potion            |       |     1 |     2 |       |     5 ||     8
 Stab: Sleeping          |     4 |       |     4 |     7 |     1 ||    16
       Paralysed         |       |       |       |     6 |       ||     6
       Distracted        |       |       |       |     1 |     2 ||     3
  Eat: Chunk             |     6 |     8 |    12 |    28 |    26 ||    80
       Ration            |       |       |     1 |     2 |     1 ||     4
Armor: Robe              |    14 |       |       |   150 |   127 ||   291
       Leather armour    |     4 |    55 |    91 |    55 |       ||   205
Dodge: Dodged            |    60 |    99 |   235 |   526 |   301 ||  1221
Block: Buckler           |       |       |       |    65 |   114 ||   179
       Rpst.: Scimitar   |       |       |       |       |     1 ||     1

Table legend:
 A = Non-vault XP
 B = Vault XP
 C = Vault XP percentage of total XP
 D = Non-vault monster count
 E = Vault monster count
 F = Vault count percentage of total count
                 A         B        C        D         E       F
            +---------+---------+-------+---------+---------+-------
      Total |   44378 |   21020 |  32.1 |     440 |      96 |  17.9
            +---------+---------+-------+---------+---------+-------
        D:1 |      40 |       0 |   0.0 |      22 |       0 |   0.0
        D:2 |       8 |     220 |  96.5 |       5 |       1 |  16.7
        D:3 |     274 |       0 |   0.0 |      28 |       0 |   0.0
        D:4 |     261 |     390 |  59.9 |      13 |      14 |  51.9
        D:5 |    1140 |       0 |   0.0 |      28 |       0 |   0.0
        D:6 |     922 |     176 |  16.0 |      25 |       1 |   3.8
        D:7 |    1723 |     951 |  35.6 |      27 |       5 |  15.6
        D:8 |    1194 |     629 |  34.5 |      24 |       1 |   4.0
        D:9 |    1849 |     741 |  28.6 |      36 |       9 |  20.0
       D:10 |    2868 |    1185 |  29.2 |      42 |       7 |  14.3
       D:11 |    1480 |       0 |   0.0 |      13 |       0 |   0.0
     Lair:1 |    4955 |     802 |  13.9 |      23 |       1 |   4.2
     Lair:2 |    4565 |    1342 |  22.7 |      22 |       8 |  26.7
     Lair:3 |    2908 |     259 |   8.2 |      14 |       1 |   6.7
     Lair:4 |    5029 |    4634 |  48.0 |      23 |      12 |  34.3
     Lair:5 |    6647 |    1410 |  17.5 |      25 |      11 |  30.6
     Lair:6 |    2343 |       0 |   0.0 |       7 |       0 |   0.0
      Orc:1 |    2177 |    2093 |  49.0 |      17 |       3 |  15.0
      Orc:2 |    3995 |    4510 |  53.0 |      46 |      16 |  25.8
    Volcano |       0 |    1678 | 100.0 |       0 |       6 | 100.0
            +---------+---------+-------+---------+---------+-------
